ITL
TUSCALOOSA TROUT SLAYERS @ TRENTON STARS
04/10/2030
 
TOP OF THE 1ST
Tuscaloosa Trout Slayers batting - Pitching for Trenton Stars : RHP Gonzalo Benetti
Pitching: RHP Gonzalo Benetti
Batting: RHB Alfredo Díaz 0-0: Ball
1-0: Called Strike
1-1: Foul Ball, location: 2F
1-2: Foul Ball, location: 2F
1-2: Ball
2-2: Foul Ball, location: 2F
2-2: Ball
3-2: Foul Ball, location: 2F
3-2: Fly out, F7 (Flyball, 78D)
Batting: RHB José Fernández 0-0: Called Strike
0-1: Foul Ball, location: 2F
0-2: SOLO HOME RUN (Flyball, 9LD), Distance : 323 ft
Batting: LHB Marcos Villarreal 0-0: Called Strike
0-1: Swinging Strike
0-2: Strikes out swinging
Batting: LHB Ed Hart 0-0: Ball
1-0: Ground out 5-3 (Groundball, 56)
Top of the 1st over - 1 run, 1 hit, 0 errors, 0 left on base; Tuscaloosa 1 - Trenton 0
BOTTOM OF THE 1ST
Trenton Stars batting - Pitching for Tuscaloosa Trout Slayers : RHP Rafael Ramírez
Pitching: RHP Rafael Ramírez
Batting: RHB Aurelio Cruz 0-0: Foul Ball, location: 2F
0-1: Ground out 5-3 (Groundball, 56)
Batting: RHB Derek Ramsey 0-0: Foul Ball, location: 2F
0-1: Ball
1-1: DOUBLE (Line Drive, 7LM)
Batting: LHB Tom Waller 0-0: Called Strike
0-1: Ball
1-1: Called Strike
1-2: Strikes out looking
Batting: RHB Denver Baker 0-0: Ball
1-0: Ball
2-0: Foul Ball, location: 2F
2-1: SINGLE (Flyball, 89M)
Derek Ramsey to third
Runner from 3rd tries for Home, SAFE, no throw
Batting: LHB Wes Thompson 0-0: Ball
1-0: Ball
2-0: Called Strike
2-1: Swinging Strike
2-2: Foul Ball, location: 2F
2-2: Ball
3-2: Foul Ball, location: 2F
3-2: Fly out, F8 (Line Drive, 8LM)
Bottom of the 1st over - 1 run, 2 hits, 0 errors, 1 left on base; Tuscaloosa 1 - Trenton 1
TOP OF THE 2ND
Tuscaloosa Trout Slayers batting - Pitching for Trenton Stars : RHP Gonzalo Benetti
Batting: LHB Miguel Rosa 0-0: Ball
1-0: Foul Ball, location: 2F
1-1: Ground out 6-3 (Groundball, 6)
Batting: RHB Juan Reyes 0-0: Ball
1-0: Foul Ball, location: 2F
1-1: Called Strike
1-2: Strikes out looking
Batting: RHB Jason Saunders 0-0: Ground out 4-3 (Groundball, 4)
Top of the 2nd over - 0 runs, 0 hits, 0 errors, 0 left on base; Tuscaloosa 1 - Trenton 1
BOTTOM OF THE 2ND
Trenton Stars batting - Pitching for Tuscaloosa Trout Slayers : RHP Rafael Ramírez
Batting: RHB George Reeves 0-0: Called Strike
0-1: Fly out, F7 (Flyball, 7)
Batting: RHB Gabriel Villegas 0-0: Called Strike
0-1: Ball
1-1: Ball
2-1: Ball
3-1: Base on Balls
Batting: SHB Ismael Sánchez 0-0: Ball
1-0: Swinging Strike
1-1: Foul Ball, location: 2F
1-2: Foul Ball, location: 2F
1-2: 2-RUN HOME RUN (Line Drive, 9D), Distance : 367 ft
Batting: RHB Dan McKay 0-0: Ball
1-0: Called Strike
1-1: Ball
2-1: Ball
3-1: Foul Ball, location: 2F
3-2: Base on Balls
Batting: RHB Aurelio Cruz 0-0: Called Strike
0-1: SINGLE (Line Drive, 4MD)
Dan McKay to second
Batting: RHB Derek Ramsey 0-0: Called Strike
0-1: Called Strike
0-2: SINGLE (Groundball, 4MD)
Dan McKay to third
Aurelio Cruz to second
Batting: LHB Tom Waller 0-0: Ball
Wild Pitch!
Dan McKay scores
Aurelio Cruz to third
Derek Ramsey to second
1-0: Ball
2-0: 3-RUN HOME RUN (Flyball, 7D), Distance : 390 ft
Batting: RHB Denver Baker 0-0: Ball
1-0: Ball
2-0: Ball
3-0: Base on Balls
Pitching: LHP Ben Head
Batting: LHB Wes Thompson 0-0: Called Strike
0-1: Grounds into double play, 6-4-3 (Groundball, 6M)
Bottom of the 2nd over - 6 runs, 4 hits, 0 errors, 0 left on base; Tuscaloosa 1 - Trenton 7
TOP OF THE 3RD
Tuscaloosa Trout Slayers batting - Pitching for Trenton Stars : RHP Gonzalo Benetti
Batting: RHB Claudio Gonzáles 0-0: Called Strike
0-1: Fly out, F6 (Line Drive, 6)
Batting: LHB Eddy Jefferson 0-0: Foul Ball, location: 2F
0-1: Ground out 6-3 (Groundball, 6)
Batting: RHB Alfredo Díaz 0-0: Fly out, F3 (Popup, 3SF)
Top of the 3rd over - 0 runs, 0 hits, 0 errors, 0 left on base; Tuscaloosa 1 - Trenton 7
BOTTOM OF THE 3RD
Trenton Stars batting - Pitching for Tuscaloosa Trout Slayers : LHP Ben Head
Batting: RHB George Reeves 0-0: Ball
1-0: Ground out 6-3 (Groundball, 6)
Batting: RHB Gabriel Villegas 0-0: Called Strike
0-1: Swinging Strike
0-2: Ground out 6-3 (Groundball, 6)
Batting: SHB Ismael Sánchez 0-0: Ball
1-0: Ball
2-0: Ball
3-0: Foul Ball, location: 2F
3-1: Base on Balls
Batting: RHB Dan McKay 0-0: Ball
1-0: Called Strike
1-1: Ball
Ismael Sánchez is caught stealing 2nd base
Bottom of the 3rd over - 0 runs, 0 hits, 0 errors, 0 left on base; Tuscaloosa 1 - Trenton 7
TOP OF THE 4TH
Tuscaloosa Trout Slayers batting - Pitching for Trenton Stars : RHP Gonzalo Benetti
Batting: RHB José Fernández 0-0: Ball
1-0: Ground out 6-3 (Groundball, 6)
Batting: LHB Marcos Villarreal 0-0: Called Strike
0-1: Called Strike
0-2: Ball
1-2: Foul Ball, location: 2F
1-2: Ball
2-2: Ball
3-2: Strikes out swinging
Batting: LHB Ed Hart 0-0: Called Strike
0-1: Ball
1-1: Called Strike
1-2: Strikes out looking
Top of the 4th over - 0 runs, 0 hits, 0 errors, 0 left on base; Tuscaloosa 1 - Trenton 7
BOTTOM OF THE 4TH
Trenton Stars batting - Pitching for Tuscaloosa Trout Slayers : LHP Ben Head
Batting: RHB Dan McKay 0-0: Foul Ball, location: 2F
0-1: Foul Ball, location: 2F
0-2: Foul Ball, location: 2F
0-2: Strikes out looking
Batting: RHB Aurelio Cruz 0-0: Ball
1-0: DOUBLE (Line Drive, 8RD)
Batting: RHB Derek Ramsey 0-0: Ball
1-0: Called Strike
1-1: Ball
2-1: Called Strike
2-2: Strikes out swinging
Batting: LHB Tom Waller 0-0: Ball
1-0: Swinging Strike
1-1: Called Strike
1-2: Ball
2-2: Strikes out swinging
Bottom of the 4th over - 0 runs, 1 hit, 0 errors, 1 left on base; Tuscaloosa 1 - Trenton 7
TOP OF THE 5TH
Tuscaloosa Trout Slayers batting - Pitching for Trenton Stars : RHP Gonzalo Benetti
Batting: LHB Miguel Rosa 0-0: Called Strike
0-1: Ball
1-1: Ball
2-1: Called Strike
2-2: Ball
3-2: Base on Balls
Batting: RHB Juan Reyes 0-0: Ground out 6-3 (Groundball, 6MD)
Miguel Rosa to second
Batting: RHB Jason Saunders 0-0: Ball
1-0: SINGLE (Line Drive, 34D)
Miguel Rosa to third
Runner from 3rd tries for Home, SAFE, no throw
Batting: RHB Claudio Gonzáles 0-0: Called Strike
0-1: Ball
1-1: Foul Ball, location: 2F
1-2: Strikes out swinging
Batting: LHB Eddy Jefferson 0-0: Swinging Strike
0-1: Ball
1-1: Ball
2-1: Swinging Strike
2-2: Strikes out swinging
Top of the 5th over - 1 run, 1 hit, 0 errors, 1 left on base; Tuscaloosa 2 - Trenton 7
BOTTOM OF THE 5TH
Trenton Stars batting - Pitching for Tuscaloosa Trout Slayers : LHP Ben Head
Batting: RHB Denver Baker 0-0: Ball
1-0: Ball
2-0: Foul Ball, location: 2F
2-1: Ball
3-1: Foul Ball, location: 2F
3-2: Base on Balls
Batting: LHB Wes Thompson 0-0: Fly out, F7 (Line Drive, 7S)
Batting: RHB George Reeves 0-0: Ball
1-0: Ball
2-0: Foul Ball, location: 2F
2-1: Swinging Strike
2-2: Ground out 4-3 (Groundball, 34)
Denver Baker to second
Batting: RHB Gabriel Villegas 0-0: Called Strike
0-1: Foul Ball, location: 2F
0-2: Ball
1-2: Strikes out swinging
Bottom of the 5th over - 0 runs, 0 hits, 0 errors, 1 left on base; Tuscaloosa 2 - Trenton 7
TOP OF THE 6TH
Tuscaloosa Trout Slayers batting - Pitching for Trenton Stars : RHP Gonzalo Benetti
Batting: RHB Alfredo Díaz 0-0: Ball
1-0: SINGLE (Groundball, 56D)
Batting: RHB José Fernández 0-0: Ball
1-0: SINGLE (Line Drive, 6D)
Alfredo Díaz to second
Batting: LHB Marcos Villarreal 0-0: Called Strike
0-1: Ball
1-1: Ball
2-1: Fly out, F7 (Flyball, 7D)
Batting: LHB Ed Hart 0-0: Called Strike
0-1: Ball
1-1: SINGLE (Groundball, 56S) (infield hit)
Alfredo Díaz to third
José Fernández to second
Batting: LHB Miguel Rosa 0-0: Called Strike
0-1: Ball
1-1: Ball
2-1: Swinging Strike
2-2: Strikes out swinging
Batting: RHB Juan Reyes 0-0: Called Strike
0-1: Fly out, F4 (Line Drive, 4)
Top of the 6th over - 0 runs, 3 hits, 0 errors, 3 left on base; Tuscaloosa 2 - Trenton 7
BOTTOM OF THE 6TH
Trenton Stars batting - Pitching for Tuscaloosa Trout Slayers : LHP Ben Head
Batting: SHB Ismael Sánchez 0-0: Ball
1-0: Called Strike
1-1: Ball
2-1: Ball
3-1: Called Strike
3-2: Base on Balls
Batting: RHB Dan McKay 0-0: Ball
1-0: Ball
2-0: Ball
3-0: Called Strike
3-1: Base on Balls
Ismael Sánchez to second
Batting: RHB Aurelio Cruz 0-0: Ball
1-0: Fielders Choice at 2nd, 5-4 (Groundball, 56)
Ismael Sánchez to third
Batting: RHB Derek Ramsey 0-0: Swinging Strike
0-1: Ball
1-1: Ball
Aurelio Cruz steals 2nd base
2-1: Foul Ball, location: 2F
2-2: Fly out, F7 (Line Drive, 7S)
Runner from 3rd tags up, OUT at HOME
Bottom of the 6th over - 0 runs, 0 hits, 0 errors, 1 left on base; Tuscaloosa 2 - Trenton 7
TOP OF THE 7TH
Tuscaloosa Trout Slayers batting - Pitching for Trenton Stars : RHP Gonzalo Benetti
Batting: RHB Jason Saunders 0-0: Fly out, F5 (Popup, 56)
Batting: RHB Claudio Gonzáles 0-0: Ball
1-0: Foul Ball, location: 2F
1-1: Swinging Strike
1-2: Ball
2-2: Strikes out swinging
Batting: LHB Eddy Jefferson 0-0: Ball
1-0: Ball
2-0: Called Strike
2-1: Fly out, F7 (Flyball, 7S)
Top of the 7th over - 0 runs, 0 hits, 0 errors, 0 left on base; Tuscaloosa 2 - Trenton 7
BOTTOM OF THE 7TH
Trenton Stars batting - Pitching for Tuscaloosa Trout Slayers : LHP Ben Head
Batting: LHB Tom Waller 0-0: Ball
1-0: Reached on error, E5 (Groundball, 56)
Batting: RHB Denver Baker 0-0: Called Strike
0-1: Ball
1-1: Ball
2-1: Foul Ball, location: 2F
2-2: Strikes out swinging
Batting: LHB Wes Thompson 0-0: Called Strike
0-1: Ball
1-1: Ball
2-1: Ball
3-1: Called Strike
3-2: Grounds into double play, 5-4-3 (Groundball, 56)
Bottom of the 7th over - 0 runs, 0 hits, 1 error, 0 left on base; Tuscaloosa 2 - Trenton 7
TOP OF THE 8TH
Tuscaloosa Trout Slayers batting - Pitching for Trenton Stars : RHP Gonzalo Benetti
Now in RF: Emílio Bruno
Batting: RHB Alfredo Díaz 0-0: Ball
1-0: Called Strike
1-1: Fly out, F7 (Line Drive, 7)
Batting: RHB José Fernández 0-0: Ball
1-0: Called Strike
1-1: Ball
2-1: Called Strike
2-2: SOLO HOME RUN (Flyball, 7D), Distance : 379 ft
Batting: LHB Marcos Villarreal 0-0: Ball
1-0: Swinging Strike
1-1: Fly out, F9 (Flyball, 9LM)
Batting: LHB Ed Hart 0-0: Ball
1-0: Ball
2-0: Ball
3-0: Called Strike
3-1: Fly out, F6 (Popup, 56)
Top of the 8th over - 1 run, 1 hit, 0 errors, 0 left on base; Tuscaloosa 3 - Trenton 7
BOTTOM OF THE 8TH
Trenton Stars batting - Pitching for Tuscaloosa Trout Slayers : LHP Ben Head
Batting: RHB George Reeves 0-0: Called Strike
0-1: Ball
1-1: Swinging Strike
1-2: Foul Ball, location: 2F
1-2: Strikes out swinging
Batting: RHB Gabriel Villegas 0-0: Ground out 6-3 (Groundball, 6)
Batting: SHB Ismael Sánchez 0-0: Ball
1-0: Foul Ball, location: 2F
1-1: Ball
2-1: Foul Ball, location: 2F
2-2: Ball
3-2: Base on Balls
Pitching: LHP Luis López
Batting: RHB Dan McKay 0-0: Called Strike
0-1: Ball
1-1: Ball
2-1: Foul Ball, location: 2F
2-2: Strikes out swinging
Bottom of the 8th over - 0 runs, 0 hits, 0 errors, 1 left on base; Tuscaloosa 3 - Trenton 7
TOP OF THE 9TH
Tuscaloosa Trout Slayers batting - Pitching for Trenton Stars : RHP Gonzalo Benetti
Batting: LHB Miguel Rosa 0-0: DOUBLE (Flyball, 8LXD)
Pitching: RHP Fernando Silva
Batting: RHB Juan Reyes 0-0: Ball
1-0: Foul Ball, location: 2F
1-1: Called Strike
1-2: Ball
2-2: Strikes out swinging
Batting: RHB Jason Saunders 0-0: Called Strike
0-1: Ball
1-1: Called Strike
1-2: Ball
2-2: SINGLE (Line Drive, 8RS)
Miguel Rosa to third
Pitching: LHP Enrico Lozano
Batting: RHB Claudio Gonzáles 0-0: Called Strike
0-1: Foul Ball, location: 2F
0-2: Ball
1-2: Strikes out swinging
Batting: LHB Eddy Jefferson 0-0: Ball
1-0: Called Strike
1-1: Ball
2-1: Fly out, F4 (Popup, 34)
Top of the 9th over - 0 runs, 2 hits, 0 errors, 2 left on base; Tuscaloosa 3 - Trenton 7
Saturday, April 7th, 2018 - OOTP Baseball 18.8 Build 76